 Dungeon Crawl Stone Soup version 0.30-a0-920-g7493c07aab (webtiles) character file.

Game seed: 3002697430745869249

1741 ragingrage the Carver (level 9, -3/61 HPs)
             Began as a Human Warper on Mar 21, 2023.
             Was a Believer of Cheibriados.
             Succumbed to a killer bee's poison
             ... on level 7 of the Dungeon.
             The game lasted 00:12:11 (7005 turns).

ragingrage the Carver (Human Warper)                Turns: 7005, Time: 00:12:12

Health: -3/61      AC:  6    Str: 17 (19) XL:     9   Next: 26%
Magic:  1/12       EV: 11    Int: 18 (20) God:    Cheibriados [**....]
Gold:   118        SH:  0    Dex: 16 (19) Spells: 1/12 levels left

rFire   . . .      SeeInvis .    b - +2 hand axe (venom)
rCold   + . .      Faith    .    (no shield)
rNeg    . . .      Spirit   +    d - +0 ring mail
rPois   .          Reflect  .    (helmet restricted)
rElec   .          Rampage  .    (no cloak)
rCorr   .                        (no gloves)
Will    .....                    H - +0 pair of boots
Stlth   +                        g - amulet of guardian spirit
HPRegen 0.30/turn                F - ring of protection from cold
MPRegen 0.13/turn                K - +6 ring of strength

@: lethally poisoned (-3 -> -23), very slow
A: beak, weak 1
a: Renounce Religion, Bend Time


You were on level 7 of the Dungeon.
You worshipped Cheibriados.
Cheibriados was pleased with you.
You visited 2 branches of the dungeon, and saw 8 of its levels.

You collected 364 gold pieces.
You spent 246 gold pieces at shops.

Inventory:

Hand Weapons
 a - a +0 scimitar
 b - a +2 hand axe of venom (weapon)
 c - a +3 dagger
Missiles
 j - 20 poisoned darts (quivered)
 z - 4 boomerangs
Armour
 d - a +0 ring mail (worn)
 x - a +1 helmet of see invisible
 y - a +0 cloak
 H - a +0 pair of boots (worn)
Jewellery
 g - an amulet of guardian spirit (around neck)
 D - an amulet of reflection
 F - a ring of protection from cold (left hand)
 K - a +6 ring of strength (right hand)
 L - a ring of resist corrosion
Wands
 e - a wand of acid (4)
 u - a wand of digging (3)
Scrolls
 k - a scroll of silence {unknown}
 m - a scroll of immolation {unknown}
 n - a scroll of enchant weapon {unknown}
 p - 4 scrolls of fog
 q - a scroll of enchant armour {unknown}
 t - 2 scrolls of magic mapping {unknown}
 v - a scroll of summoning {unknown}
 A - a scroll of fear {unknown}
 B - a scroll of amnesia {unknown}
 G - a scroll of torment {unknown}
 J - a scroll of teleportation {unknown}
 M - a scroll of identify
Potions
 f - a potion of flight
 h - 4 potions of brilliance
 i - 3 potions of curing
 o - 2 potions of attraction
 r - a potion of heal wounds
 s - a potion of might
 w - a potion of degeneration


   Skills:
 - Level 2.0 Fighting
 + Level 10.4 Long Blades
 - Level 1.0 Throwing
 - Level 1.0 Armour
 - Level 2.0 Dodging
 - Level 2.0 Stealth
 - Level 2.0 Spellcasting
 + Level 5.2 Translocations


You had one spell level left.
You knew the following spells:

 Your Spells              Type           Power      Damage    Failure   Level
a - Blink                 Tloc           40%        N/A       6%          2
b - Lesser Beckoning      Tloc           40%        N/A       6%          2
c - Manifold Assault      Tloc           20%        N/A       36%         4
d - Vhi's Electric Charg  Tloc/Air       22%        N/A       34%         3

Your spell library contained the following spells:

 Spells                   Type           Power      Damage    Failure   Level
 Teleport Other           Tloc           20%        N/A       12%         3
 Kindle Blastsparks       Fire/Tloc/Air  16%        2d11      43%         3
 Ignite Poison            Fire/Tmut/Pois 1%         N/A       69%         3
 Anguish                  Hex/Necr       0%         N/A       97%         4
 Leda's Liquefaction      Hex/Erth       0%         N/A       97%         4
 Freezing Cloud           Conj/Ice/Air   0%         6-21      100%        5
 Iskenderun's Battlesphe  Conj           1%         2d6       100%        5
 Lee's Rapid Deconstruct  Erth           0%         3d4*      100%        5
 Iron Shot                Conj/Erth      0%         9d1       100%        6
 Statue Form              Tmut/Erth      0%         N/A       100%        6
 Enfeeble                 Hex            0%         N/A       100%        7
 Spellforged Servitor     Conj/Summ      0%         N/A       100%        7


Dungeon Overview and Level Annotations

Branches:
Dungeon (7/15)             Temple (1/1) D:4

Altars:
Ashenzari
Cheibriados
Dithmenos
Elyvilon
Fedhas
Gozag
Hepliaklqana
Kikubaaqudgha
Makhleb
Nemelex Xobeh
Okawaru
Qazlal
Ru
Sif Muna
Trog
Vehumet
Wu Jian
Xom
Yredelemnul
The Shining One

Shops:
D:1 [   D:7 *

Annotations:
D:6 1 runed translucent door, Crazy Yiuf, Edmund


Innate Abilities, Weirdness & Mutations

You have a beak for a mouth.
You are weak. (Str -2)


Message History

The poisoned dart closely misses the killer bee.
The poisoned dart misses the killer bee.
The killer bee stings you.
You are poisoned.
The killer bee poisons you! The killer bee stings you.
* * * LOW HITPOINT WARNING * * *
You are more poisoned.
The killer bee poisons you!
You hit the killer bee but do no damage.
The killer bee is poisoned.
* * * LOW HITPOINT WARNING * * *
You feel very sick.
The killer bee stings you but does no damage.
The killer bee completely misses you. The killer bee stings you.
* * * LOW HITPOINT WARNING * * *
You are lethally poisoned!
The killer bee poisons you!
Unknown command.
You barely miss the killer bee. Your peck misses the killer bee.
* * * LOW HITPOINT WARNING * * *
You feel very sick.
The killer bee stings you but does no damage. x2
Unknown command.
Unknown command.
Unknown command.
Unknown command.
You barely miss the killer bee.
* * * LOW HITPOINT WARNING * * *
You feel very sick. The killer bee stings you.
* * * LOW HITPOINT WARNING * * *
The killer bee stings you.
* * * LOW HITPOINT WARNING * * *
You are more poisoned.
The killer bee poisons you! The killer bee closely misses you.
Unknown command.
Unknown command.
Unknown command.
You closely miss the killer bee.
You die...

## #.#
#.yy†§.# .##
#.#
........###.#
#.###.#
.###..... ..#
..<...#
....#.....y$
..#####
##...<..##y#.
.##
#.#....##.#.#
## y
........# #
####.#.###.#
#...@yy.#
###.##### #.
.. ... ....
#.... #....


You could see 2 killer bees.

Vanquished Creatures
  A water moccasin (D:6)
  An orc warrior (D:6)
  A sky beast (D:4)
  An ice beast (D:5)
  2 ogres
  A phantom (D:4)
  A kobold brigand (D:6)
  6 scorpions
  A bullfrog (D:7)
  4 killer bees (D:7)
  3 jellies (D:6)
  4 hounds
  An iguana (D:6)
  2 orc wizards
  6 adders
  An ufetubus (D:7)
  A dart slug (D:1)
  19 orcs
  5 ball pythons
  5 endoplasms
  4 giant cockroaches
  6 goblins
  8 hobgoblins
  2 quokkas
  8 bats
  4 frilled lizards (D:3)
  10 kobolds
  4 rats
112 creatures vanquished.

Notes
Turn   | Place    | Note
-------+----------+-------------------------------------------
     0 | D:1      | ragingrage the Human Warper began the quest for the Orb.
     0 | D:1      | Reached XP level 1. HP: 16/16 MP: 3/3
   175 | D:1      | Reached skill level 1 in Stealth
   175 | D:1      | Reached XP level 2. HP: 22/22 MP: 5/5
   253 | D:1      | Found Nayckogh's Armour Shoppe.
   425 | D:1      | Reached XP level 3. HP: 26/27 MP: 6/6
   522 | D:1      | Learned a level 2 spell: Blink
   878 | D:2      | Reached skill level 3 in Long Blades
  1470 | D:2      | Reached XP level 4. HP: 19/33 MP: 4/7
  2008 | D:3      | Found a faded altar of an unknown god.
  2230 | D:3      | Found a glowing golden altar of the Shining One.
  2236 | D:3      | Reached skill level 4 in Long Blades
  2577 | D:1      | Bought a +1 helmet of see invisible for 165 gold pieces
  2803 | D:4      | Found a staircase to the Ecumenical Temple.
  2805 | D:4      | Noticed a phantom
  2811 | Temple   | Entered the Ecumenical Temple
  2905 | Temple   | Became a worshipper of Cheibriados the Contemplative
  2994 | D:4      | Killed a phantom
  2995 | D:4      | Reached skill level 5 in Long Blades
  2995 | D:4      | Reached XP level 5. HP: 20/38 MP: 6/8
  3303 | D:4      | Noticed an ogre
  3312 | D:4      | Killed an ogre
  3313 | D:4      | Reached XP level 6. HP: 34/44 MP: 6/9
  3364 | D:4      | Reached skill level 6 in Long Blades
  3625 | D:4      | Noticed a sky beast
  3641 | D:4      | Killed a sky beast
  3642 | D:4      | Reached XP level 7. HP: 11/50 MP: 2/10
  3884 | D:4      | Learned a level 2 spell: Lesser Beckoning
  3889 | D:4      | Learned a level 4 spell: Manifold Assault
  4184 | D:5      | Entered Level 5 of the Dungeon
  4370 | D:5      | Reached skill level 7 in Long Blades
  4573 | D:5      | Found a bloodstained altar of Trog.
  4588 | D:5      | Reached XP level 8. HP: 38/56 MP: 6/11
  4792 | D:5      | Reached * piety under Cheibriados
  4793 | D:5      | Reached skill level 8 in Long Blades
  5921 | D:6      | Reached skill level 9 in Long Blades
  6238 | D:6      | Noticed Edmund
  6292 | D:6      | Found a runed translucent door.
  6293 | D:6      | Noticed Crazy Yiuf
  6577 | D:7      | Reached XP level 9. HP: 58/61 MP: 10/12
  6583 | D:7      | Reached skill level 10 in Long Blades
  6642 | D:7      | Found Zoanuv's Assorted Antiques.
  6653 | D:7      | Bought a viscous sapphire potion for 26 gold pieces
  6653 | D:7      | Bought a scroll labelled OMNAX RUMITH for 29 gold pieces
  6653 | D:7      | Bought a glowing black potion for 26 gold pieces
  6768 | D:7      | Learned a level 3 spell: Vhi's Electric Charge
  6913 | D:7      | Found a hazy altar of Hepliaklqana.
  6978 | D:7      | Reached ** piety under Cheibriados
  6979 | D:7      | Reached skill level 5 in Translocations
  6989 | D:7      | Gained mutation: You have a beak for a mouth. [potion of
                  | mutation]
  6989 | D:7      | Gained mutation: You are weak. (Str -2) [potion of
                  | mutation]
  7004 | D:7      | HP: 1/61 [killer bee (3)]
  7005 | D:7      | Succumbed to a killer bee's poison

Illustrated notes

Levels and vault maps discovered:
D:1:      sevenhm_arrival_forest_fort_large_4, layout_basic, serial_shops, shop
D:2:      layout_basic
D:3:      layout_rooms, mainiacjoe_overflow_alcove_1,
          shapermc_ecumenical_altar_notcrosses
D:4:      layout_loops_corners, minmay_temple_entry_slanted
D:5:      layout_gridville, trog_three_pillars_becter
D:6:      layout_rooms, serial_corexii_hall, corexii_hall_statues_x,
          corexii_hall_statues_i, uniq_crazy_yiuf_cottage, uniq_edmund
D:7:      layout_loops_cross, mainiacjoe_overflow_alcove_2, serial_shops,
          nicolae_shop_overgrown_old_shop, uniq_duvessa
Temple:   minmay_temple_bridge_d

Skill      XL: |  1  2  3  4  5  6  7  8  9 |
---------------+----------------------------+-----
Stealth        | 1 2 |  2.0
Long Blades    | 3 5 6 7 9 10 | 10.4
Translocations | 4 5 |  5.2
Fighting       | |  2.0
Throwing       | |  1.0
Armour         | |  1.0
Dodging        | |  2.0
Spellcasting   | |  2.0

Action                     |  1- 3 |  4- 6 |  7- 9 || total
---------------------------+-------+-------+-------++-------
  Melee: Hand axe          |    58 |    75 |    62 ||   195
         Falchion          |     4 |    16 |    77 ||    97
         Punch             |     1 |       |     1 ||     2
         Scimitar          |       |       |    94 ||    94
         Dagger            |       |       |     1 ||     1
         Peck              |       |       |     1 ||     1
  Throw: Boomerang         |       |     7 |       ||     7
         Dart              |       |       |     4 ||     4
   Cast: Blink             |       |       |     1 ||     1
  Evoke: Wand              |       |       |     4 ||     4
    Use: Scroll            |       |       |     6 ||     6
         Potion            |       |       |    11 ||    11
   Stab: Sleeping          |     3 |     2 |     2 ||     7
 Armour: Leather armour    |    21 |    27 |       ||    48
         Ring mail         |       |       |   113 ||   113
  Dodge: Dodged            |    34 |    57 |   200 ||   291

Table legend: (Time is in decaauts)
 A = Elapsed time spent in this place.
 B = Non-inter-level travel time spent in this place.
 C = Inter-level travel time spent in this place.
 D = Time resting spent in this place.
 E = Time spent auto-exploring this place.
 F = Levels seen in this place.
 G = Mean time per level.
                   A        B        C        D        E       F      G
               +--------+--------+--------+--------+--------+-----+--------+
         Total |   7843 |   7353 |    490 |   1215 |   5007 |   8 |  980.4 |
       Dungeon |   7658 |   7286 |    372 |   1215 |   4948 |   7 | 1094.0 |
        Temple |    185 |     68 |    117 |      0 |     59 |   1 |  185.0 |
               +--------+--------+--------+--------+--------+-----+--------+

Top non-repeatable levels by time:
     D:4: 1659 daAuts
     D:5: 1538 daAuts
     D:6: 1237 daAuts
     D:2: 1186 daAuts
     D:1: 788 daAuts
     D:3: 678 daAuts
     D:7: 569 daAuts
  Temple: 185 daAuts
